 Dungeon Crawl Stone Soup version 0.24-a0-102-g7635c99 (console) character file.

Game seed: 1906330206656340985

896 Duffy the Firebug (level 8, -1/53 HPs)
             Began as an Octopode Fire Elementalist on Feb 12, 2019.
             Slain by a two-headed ogre
             ... wielding a cursed +0 giant club
              (8 damage)
             ... on level 5 of the Dungeon.
             The game lasted 00:06:30 (6001 turns).

Duffy the Firebug (Octopode Fire Elementalist)      Turns: 6001, Time: 00:06:30

Health: -1/53      AC:  1    Str:  7    XL:     8   Next: 7%
Magic:  3/21       EV: 16    Int: 17    God:
Gold:   178        SH:  0    Dex: 18    Spells: 5/13 levels left

rFire    . . .     SeeInvis .   e - potion of might {unknown}
rCold    . . .     Gourm    .   (no shield)
rNeg     . . .     Faith    .   (helmet restricted)
rPois    .         Spirit   .   (no amulet)
rElec    .         Reflect  .   i - +5 ring of dexterity
rCorr    .         Harm     .   t - ring of magical power
MR       .....                  v - -2 ring of intelligence (curse)
Stlth    +++.......             (no ring)
HPRegen  0.17/turn              (no ring)
MPRegen  0.17/turn              (no ring)
                                (no ring)
                                (no ring)

@: very slightly contaminated
A: almost no armour, stealthy swim, amphibious, 8 rings, constrict 8, camouflage
1, gelatinous body 1
a: no special abilities


You were on level 5 of the Dungeon.
You were hungry.

You visited 1 branch of the dungeon, and saw 5 of its levels.

You collected 178 gold pieces.

Inventory:

Hand Weapons
 o - a +2 flail of holy wrath
Missiles
 q - a throwing net (quivered)
Jewellery
 i - a +5 ring of dexterity (left tentacle)
 t - a ring of magical power (right tentacle)
 v - a cursed -2 ring of intelligence (on tentacle)
Wands
 n - a wand of flame (34)
Scrolls
 a - 2 scrolls of random uselessness {unknown}
 c - a scroll of noise {unknown}
 d - 2 scrolls of remove curse {unknown}
 g - 2 scrolls of enchant armour {unknown}
 h - 2 scrolls of teleportation {unknown}
 l - 8 scrolls of identify {unknown}
 m - 2 scrolls of magic mapping {unknown}
 p - a scroll of enchant weapon {unknown}
Potions
 e - a potion of might (in tentacle) {unknown}
 f - 2 potions of mutation {unknown}
 j - a potion of brilliance {unknown}
 k - 3 potions of degeneration {unknown}
 r - a potion of magic {unknown}
 s - a potion of heal wounds {unknown}
Comestibles
 b - 10 rations
 u - 4 chunks of flesh


   Skills:
 + Level 3.6 Fighting
 + Level 4.3 Dodging
 - Level 2.6 Stealth
 - Level 3.0 Spellcasting
 - Level 5.0 Conjurations
 - Level 5.0 Fire Magic


You had 5 spell levels left.
You knew the following spells:

 Your Spells              Type           Power        Failure   Level  Hunger
h - Flame Tongue          Conj/Fire      ###..        2%          1    None
j - Sticky Flame          Conj/Fire      ###.....     22%         4    ####...
l - Conjure Flame         Conj/Fire      ###.....     7%          3    ###....

Your spell library contained the following spells:

 Spells                   Type           Power        Failure   Level  Hunger
 Throw Flame              Conj/Fire      ###...       3%          2    ##.....
 Inner Flame              Hex/Fire       ##......     19%         3    ###....
 Fireball                 Conj/Fire      ###.......   52%         5    ######.


Dungeon Overview and Level Annotations

Branches:
Dungeon (5/15)
 Temple: D:4-7

Altars:
Dithmenos
Trog


Innate Abilities, Weirdness & Mutations

You cannot wear most types of armour.
You are very stealthy in the water. (Stealth+)
You are amphibious.
You can wear up to eight rings at the same time.
You can use your tentacles to constrict eight enemies at once.
Your skin changes colour to match your surroundings (Stealth+).
Your rubbery body absorbs attacks. (AC +1, EV +1)


Message History

Press: ? - help, Shift-Dir - straight line, f/p - two-headed ogre
Aim: a two-headed ogre, wielding two +0 giant clubs (flame, lightly wounded)
The flame tongue hits the two-headed ogre but does no damage.
The two-headed ogre is lightly wounded.
The two-headed ogre is engulfed in blazing flames.
The two-headed ogre hits you with a cursed +0 giant club!!
Ouch! That really hurt!
The two-headed ogre hits you with a +0 giant club!
Cast which spell? (? or * to list)
Aiming: Sticky Flame (slightly dangerous; 22% risk of failure)
Press: ? - help, Shift-Dir - straight line, f/p - two-headed ogre
Aim: a two-headed ogre, wielding two +0 giant clubs (flame, moderately wounded)
The sticky flame hits the two-headed ogre.
The two-headed ogre is heavily wounded.
The two-headed ogre is covered in liquid flames!
You are feeling hungry.
The two-headed ogre burns!
The two-headed ogre is engulfed in blazing flames.
The two-headed ogre hits you with a cursed +0 giant club!
You die...

####### #######.....# ########
............# ........
####.....# #.....#
####.@O.....#######
#.....###....######..!|...#
#.....#....########....<..#
#................[........# .
##......#######.....%......#
..##.............#............#
.....##..#######.#....).....).#
.........#######..............#
...##...............##........#


You could see a two-headed ogre (burning).

Vanquished Creatures
  An ice beast (D:4)
  An ogre (D:4)
  A centaur (D:5)
  A big kobold (D:4)
  3 electric eels (D:4)
  2 hounds
  2 orc wizards (D:4)
  2 centaur skeletons (D:3)
  2 iguanas (D:5)
  Ijyb (D:3)
  A worker ant zombie (D:5)
  4 gnolls
  2 adders
  An ooze (D:4)
  A worm (D:3)
  4 dart slugs
  4 leopard geckos
  10 orcs
  11 bats
  2 giant cockroaches
  9 goblins
  13 hobgoblins
  9 jackals
  A quokka (D:2)
  3 ball pythons
  8 frilled lizards
  17 kobolds
  2 leopard gecko skeletons
  11 rats
129 creatures vanquished.

Notes
Turn   | Place    | Note
-------+----------+-------------------------------------------
     0 | D:1      | Duffy the Octopode Fire Elementalist began the quest for
                  | the Orb.
     0 | D:1      | Reached XP level 1. HP: 11/11 MP: 3/3
   332 | D:1      | Reached XP level 2. HP: 17/17 MP: 3/5
   982 | D:1      | Reached XP level 3. HP: 21/21 MP: 3/6
   988 | D:1      | Learned a level 3 spell: Conjure Flame
  1712 | D:2      | Reached XP level 4. HP: 18/27 MP: 5/8
  2458 | D:2      | Found a bloodstained altar of Trog.
  2737 | D:2      | Learned a level 4 spell: Sticky Flame
  2999 | D:3      | Reached XP level 5. HP: 31/31 MP: 6/9
  3395 | D:3      | Noticed Ijyb
  3401 | D:3      | Killed Ijyb
  3713 | D:3      | Reached XP level 6. HP: 36/36 MP: 4/10
  4609 | D:4      | Reached skill level 5 in Conjurations
  4609 | D:4      | Reached skill level 5 in Fire Magic
  4747 | D:4      | Found a shadowy altar of Dithmenos.
  4769 | D:4      | Noticed an ice beast
  4775 | D:4      | Killed an ice beast
  4775 | D:4      | Reached skill level 1 in Fighting
  4775 | D:4      | Reached XP level 7. HP: 32/43 MP: 11/11
  4889 | D:4      | Found a transporter.
  4916 | D:4      | Found a transporter.
  5509 | D:5      | Entered Level 5 of the Dungeon
  5881 | D:5      | Reached XP level 8. HP: 52/52 MP: 12/12
  5984 | D:5      | Noticed a two-headed ogre
  6001 | D:5      | Slain by a two-headed ogre

Levels and vault maps discovered:
D:1:      minmay_arrival_open_corners, layout_basic
D:2:      layout_loops_ring, lemuel_coloured_pillars_altar,
          hangedman_abyss_or_decor_lesser_grid, minmay_splitting_lines,
          minmay_misc_feat_rows
D:3:      layout_rooms, minmay_pentomino_pile, uniq_ijyb
D:4:      gammafunk_steamed_eel, layout_loops_ring, grunt_ministairs_6,
          nicolae_dithmenos_shadow_blocks
D:5:      layout_rooms, first_ration, st_stairs_4, sigmund_edmund_badplayer,
          uniq_blork_the_orc

Skill      XL: |  1  2  3  4  5  6  7 |
---------------+----------------------+-----
Conjurations   | 2 3 4 5 |  5.0
Fire Magic     | 4 5 |  5.0
Spellcasting   | 3 |  3.0
Fighting       | 1 3 |  3.6
Dodging        | 4 |  4.3
Stealth        | |  2.6

Action                   |  1- 3 |  4- 6 |  7- 9 || total
-------------------------+-------+-------+-------++-------
 Cast: Flame Tongue      |    56 |   158 |    45 ||   259
       Conjure Flame     |       |     4 |     3 ||     7
       Sticky Flame      |       |     3 |     5 ||     8
  Eat: Chunk             |     3 |    10 |     5 ||    18
Armor: Skin              |     2 |     2 |       ||     4
Dodge: Dodged            |    19 |    36 |    26 ||    81

Table legend:
 A = Non-vault XP
 B = Vault XP
 C = Vault XP percentage of total XP
 D = Non-vault monster count
 E = Vault monster count
 F = Vault count percentage of total count
                 A         B        C        D         E       F
            +---------+---------+-------+---------+---------+-------
      Total |    1071 |     210 |  16.4 |     119 |      10 |   7.8
            +---------+---------+-------+---------+---------+-------
        D:1 |      57 |       0 |   0.0 |      25 |       0 |   0.0
        D:2 |      88 |       0 |   0.0 |      31 |       0 |   0.0
        D:3 |     150 |      44 |  22.7 |      32 |       6 |  15.8
        D:4 |     504 |     166 |  24.8 |      17 |       4 |  19.0
        D:5 |     272 |       0 |   0.0 |      14 |       0 |   0.0
            +---------+---------+-------+---------+---------+-------
